 Dungeon Crawl Stone Soup version 0.28.0 (webtiles) character file.

Game seed: 7424094770349045784

4 randomguy2701 the Chiller (level 1, 0/13 HPs)
             Began as a Human Ice Elementalist on Feb 7, 2022.
             Slain by a bat (1 damage)
             ... on level 1 of the Dungeon.
             The game lasted 00:01:49 (161 turns).

randomguy2701 the Chiller (Human Ice Elementalist)   Turns: 161, Time: 00:01:51

Health: 0/13       AC:  2    Str:  8    XL:     1   Next: 66%
Magic:  0/3        EV: 12    Int: 15    God:
Gold:   11         SH:  0    Dex: 13    Spells: 3/4 levels left

rFire   . . .      SeeInvis .   (no weapon)
rCold   . . .      Faith    .   (no shield)
rNeg    . . .      Spirit   .   a - +0 robe
rPois   .          Reflect  .   (no helmet)
rElec   .          Harm     .   (no cloak)
rCorr   .          Rampage  .   (no gloves)
Will    .....                   (no boots)
Stlth   ++........              (no amulet)
HPRegen 0.04/turn               (no ring)
MPRegen 0.08/turn               (no ring)

@: no status effects
A: no striking features
a: no special abilities


You were on level 1 of the Dungeon.
You visited 1 branch of the dungeon, and saw 1 of its levels.

You collected 11 gold pieces.

Inventory:

Hand Weapons
 c - a +0 short sword
Armour
 a - a +0 robe (worn)
Scrolls
 b - a scroll of vulnerability {unknown}


   Skills:
 + Level 2.0 Dodging
 + Level 2.0 Stealth
 + Level 2.0 Spellcasting
 + Level 4.2 Ice Magic


You had 3 spell levels left.
You knew the following spells:

 Your Spells              Type           Power      Damage    Failure   Level
a - Freeze                Ice            56%        1d7       4%          1

Your spell library contained the following spells:

 Spells                   Type           Power      Damage    Failure   Level
 Frozen Ramparts          Ice            28%        1d4       12%         3
 Ozocubu's Armour         Ice            14%        N/A       12%         3
 Dazzling Flash           Conj/Hex       2%         N/A       54%         3
 Hailstorm                Conj/Ice       7%         3d4       67%         4
 Agony                    Necr           1%         N/A       99%         5
 Silence                  Hex/Air        0%         N/A       99%         5


Dungeon Overview and Level Annotations

Branches:
Dungeon (1/15)

Altars:


Message History

Really attack while wielding nothing?
Okay, then.
Unknown command.
Really attack while wielding nothing? [Y]es or [N]o only, please.
Really attack while wielding nothing? [Y]es or [N]o only, please.
Really attack while wielding nothing? [Y]es or [N]o only, please.
Really attack while wielding nothing?
Okay, then.
Really attack while wielding nothing?
You barely miss the bat. The bat closely misses you.
The ball python misses you. The ball python barely misses you.
A bat comes into view.
The bat hits you.
* * * LOW HITPOINT WARNING * * *
Found a stone staircase leading down.
The bat closely misses you. The bat misses you.
A kobold comes into view. It is wielding a +0 whip.
The bat misses you. The ball python misses you. The ball python grabs you.
The ball python constricts you.
You escape the ball python's grasp.
The bat barely misses you. x2
The bat hits you.
* * * LOW HITPOINT WARNING * * *
The bat hits you but does no damage. The bat hits you.
* * * LOW HITPOINT WARNING * * *
The bat closely misses you. The bat hits you but does no damage. x2
The bat barely misses you.
Casting: Freeze (safe; 4% risk of failure)
Confirm with . or Enter, or press ? or * to list all spells.
Aiming: Freeze (safe; 4% risk of failure)
Press: ? - help, Shift-Dir - straight line, f - bat
Aim: a bat You freeze the bat.
The bat is moderately wounded.
The bat barely misses you. The bat hits you.
You die...

###..######r.###.....#
###.# #.K
#.#.#......#####.###
#.
#.##...............#
.###..
##.##.....#.#######.##
..... ##[.####..##.#
#.g. #...# ##.#.#
#.....# #.#.
#>...##r###.# ##.##.#
###..K ###......##
#.###.##.# #.....
........##
##@...##.### #.####
###.##.rS##
##b####.....# #.#
#.##b###b##
#.###.###.# # #.
##.#S## #.###.†...###.
#. ##.##
#............. #. ###
#.......#..... #.
#.......#..... #K
#......###....
........# #....


You could see 2 bats and a ball python.

Vanquished Creatures
  A giant cockroach (D:1)
  A hobgoblin (D:1)
  A kobold (D:1)
3 creatures vanquished.

Notes
Turn   | Place    | Note
-------+----------+-------------------------------------------
     0 | D:1      | randomguy2701 the Human Ice Elementalist began the quest
                  | for the Orb.
     0 | D:1      | Reached XP level 1. HP: 13/13 MP: 3/3
   161 | D:1      | Slain by a bat

Illustrated notes

Levels and vault maps discovered:
D:1:      onia_arrival_pentagram, layout_loops_ring,
          nicolae_concentric_dashed_squares_mild, serial_bayou_pond_d,
          minmay_quantized

Action                   || total
-------------------------++-------
Melee: Unarmed           ||     8
 Cast: Freeze            ||     7
Armor: Robe              ||     7
Dodge: Dodged            ||    23
